TOP OF THE 1ST |
Batavia Muckdogs batting - Pitching for Cincinnati (NYP) Reds : LHP Omar Guardado
|
Pitching: LHP Omar Guardado
|
|
Batting: RHB Harrie de Kam
|
0-0: Called Strike 0-1: Swinging Strike 0-2: Ball 1-2: Ball 2-2: Strikes out swinging
|
Batting: LHB Angelo Estrella
|
0-0: Foul Ball, location: 2F 0-1: Fly out, F5 (Popup, 56S, EV 88.1 MPH)
|
Batting: RHB Erik Coleman
|
0-0: Ball 1-0: Ball 2-0: Swinging Strike 2-1: Ball 3-1: Ground out 4-3 (Groundball, 4M, EV 86.9 MPH)
|
Top of the 1st over - 0 runs, 0 hits, 0 errors, 0 left on base; Batavia 0 - Cincinnati (NYP) 0 |
BOTTOM OF THE 1ST |
Cincinnati (NYP) Reds batting - Pitching for Batavia Muckdogs : RHP Glen Patterson
|
Pitching: RHP Glen Patterson
|
|
Batting: RHB Cyd Carver
|
0-0: Ball 1-0: Ground out 5-3 (Groundball, 56S, EV 88.8 MPH)
|
Batting: RHB Jake Savell
|
0-0: Ball 1-0: Ball 2-0: Ground out U3 (Groundball, 34, EV 79.4 MPH)
|
Batting: LHB Matt Kennedy
|
0-0: Ball 1-0: Foul Ball, location: 2F 1-1: Ball 2-1: Called Strike 2-2: Ball 3-2: Base on Balls
|
Batting: LHB Leo Gomez
|
0-0: Ball 1-0: Ground out 6-3 (Groundball, 6M, EV 85.0 MPH)
|
Bottom of the 1st over - 0 runs, 0 hits, 0 errors, 1 left on base; Batavia 0 - Cincinnati (NYP) 0 |
TOP OF THE 2ND |
Batavia Muckdogs batting - Pitching for Cincinnati (NYP) Reds : LHP Omar Guardado
|
Batting: RHB Andy Kelly
|
0-0: Ball 1-0: Called Strike 1-1: Ball 2-1: Called Strike 2-2: Ball 3-2: Strikes out swinging
|
Batting: RHB Hiromitsu Yamada
|
0-0: Ball 1-0: Called Strike 1-1: Foul Ball, location: 2F 1-2: Foul Ball, location: 2F 1-2: Strikes out swinging
|
Batting: LHB Matt McKeon
|
0-0: Called Strike 0-1: Ball 1-1: SINGLE (Line Drive, 6D, EV 100.6 MPH)
|
Batting: RHB Larry LeFever
|
0-0: Foul Ball, location: 2F 0-1: Foul Ball, location: 2F 0-2: Ball 1-2: Ball 2-2: Strikes out looking
|
Top of the 2nd over - 0 runs, 1 hit, 0 errors, 1 left on base; Batavia 0 - Cincinnati (NYP) 0 |
BOTTOM OF THE 2ND |
Cincinnati (NYP) Reds batting - Pitching for Batavia Muckdogs : RHP Glen Patterson
|
Batting: RHB Pat McCoy
|
0-0: Ball 1-0: Ball 2-0: Ball 3-0: Called Strike 3-1: SINGLE (Line Drive, 56D, EV 98.1 MPH)
|
Batting: RHB Ben Hinman
|
0-0: Called Strike 0-1: Foul Ball, location: 2F 0-2: Ball 1-2: Foul Ball, location: 2F 1-2: Ball 2-2: Foul Ball, location: 2F 2-2: Foul Ball, location: 2F 2-2: Fielders Choice at 2nd, 6-4 (Groundball, 6, EV 92.5 MPH)
|
Pitching: RHP Matt Alexander
|
|
Batting: SHB Jaivata Mohanty
|
0-0: Foul Ball, location: 2F 0-1: Ball 1-1: Called Strike 1-2: SINGLE (Line Drive, 89S, EV 99.4 MPH) Ben Hinman to second
|
Batting: RHB Pat Grover
|
0-0: Called Strike 0-1: Ball 1-1: Foul Ball, location: 2F 1-2: Ball 2-2: Ball 3-2: Strikes out looking
|
Pinch Hitting: SHB Kristian Kristensen
|
0-0: Called Strike 0-1: Called Strike 0-2: Strikes out swinging
|
Bottom of the 2nd over - 0 runs, 2 hits, 0 errors, 2 left on base; Batavia 0 - Cincinnati (NYP) 0 |
TOP OF THE 3RD |
Batavia Muckdogs batting - Pitching for Cincinnati (NYP) Reds : LHP Omar Guardado
|
Now at 2B: Cyd Carver
|
|
Now at SS: Yasusaburo Kuwahara
|
|
Batting: RHB J.D. Vander Klok
|
0-0: Foul Ball, location: 2F 0-1: Called Strike 0-2: Ground out 6-3 (Groundball, 56D, EV 101.9 MPH)
|
Batting: RHB Eric Jordan
|
0-0: Called Strike 0-1: Called Strike 0-2: Strikes out looking
|
Batting: RHB Harrie de Kam
|
0-0: Called Strike 0-1: Foul Ball, location: 2F 0-2: Ball 1-2: Foul Ball, location: 2F 1-2: Foul Ball, location: 2F 1-2: Ground out 4-3 (Groundball, 4, EV 80.0 MPH)
|
Top of the 3rd over - 0 runs, 0 hits, 0 errors, 0 left on base; Batavia 0 - Cincinnati (NYP) 0 |
BOTTOM OF THE 3RD |
Cincinnati (NYP) Reds batting - Pitching for Batavia Muckdogs : RHP Matt Alexander
|
Batting: RHB Cyd Carver
|
0-0: Ball 1-0: Ball 2-0: Ball 3-0: Called Strike 3-1: Base on Balls
|
Batting: RHB Jake Savell
|
0-0: Called Strike Cyd Carver steals 2nd base (no throw) 0-1: Ball 1-1: Ball 2-1: Ground out 4-3 (Groundball, 4, EV 103.1 MPH) Cyd Carver to third
|
Batting: LHB Matt Kennedy
|
0-0: Called Strike 0-1: Ball 1-1: Foul Ball, location: 2F 1-2: Foul Ball, location: 2F 1-2: Fly out, F9 (Flyball, 89M, EV 83.1 MPH)
|
Batting: LHB Leo Gomez
|
0-0: Ball 1-0: Ball 2-0: Called Strike 2-1: Ball 3-1: Called Strike 3-2: Strikes out looking
|
Bottom of the 3rd over - 0 runs, 0 hits, 0 errors, 1 left on base; Batavia 0 - Cincinnati (NYP) 0 |
TOP OF THE 4TH |
Batavia Muckdogs batting - Pitching for Cincinnati (NYP) Reds : LHP Omar Guardado
|
Batting: LHB Angelo Estrella
|
0-0: Ball 1-0: SINGLE (Line Drive, 34D, EV 98.8 MPH)
|
Batting: RHB Erik Coleman
|
0-0: Ball 1-0: Ball Passed Ball! Angelo Estrella to second 2-0: Called Strike 2-1: Ball 3-1: Fly out, F7 (Line Drive, 7S, EV 98.1 MPH)
|
Batting: RHB Andy Kelly
|
0-0: Foul Ball, location: 2F 0-1: Called Strike 0-2: Strikes out swinging
|
Batting: RHB Hiromitsu Yamada
|
0-0: SINGLE (Line Drive, 34D, EV 104.4 MPH) Angelo Estrella to third Runner from 3rd tries for Home, SAFE, throw by RF to home Hiromitsu Yamada to second
|
Batting: LHB Matt McKeon
|
0-0: Ball 1-0: Called Strike 1-1: Called Strike 1-2: Strikes out swinging
|
Top of the 4th over - 1 run, 2 hits, 0 errors, 1 left on base; Batavia 1 - Cincinnati (NYP) 0 |
BOTTOM OF THE 4TH |
Cincinnati (NYP) Reds batting - Pitching for Batavia Muckdogs : RHP Matt Alexander
|
Batting: RHB Pat McCoy
|
0-0: Ball 1-0: Ball 2-0: Foul Ball, location: 2F 2-1: DOUBLE (Flyball, 8RXD, EV 110.6 MPH)
|
Batting: RHB Ben Hinman
|
0-0: Called Strike 0-1: Called Strike 0-2: Foul Ball, location: 2F 0-2: Strikes out swinging
|
Pitching: LHP Aaron Gilmore
|
|
Batting: SHB Jaivata Mohanty
|
0-0: Called Strike 0-1: Called Strike 0-2: Strikes out looking
|
Batting: RHB Pat Grover
|
0-0: Called Strike 0-1: Foul Ball, location: 2F 0-2: Foul Ball, location: 2F 0-2: Strikes out looking
|
Bottom of the 4th over - 0 runs, 1 hit, 0 errors, 1 left on base; Batavia 1 - Cincinnati (NYP) 0 |
TOP OF THE 5TH |
Batavia Muckdogs batting - Pitching for Cincinnati (NYP) Reds : LHP Omar Guardado
|
Batting: RHB Larry LeFever
|
0-0: Ball 1-0: Ball 2-0: Ball 3-0: Called Strike 3-1: Foul Ball, location: 2F 3-2: Strikes out swinging
|
Batting: RHB J.D. Vander Klok
|
0-0: Fly out, F9 (Flyball, 9LS, EV 86.9 MPH)
|
Batting: RHB Eric Jordan
|
0-0: Called Strike 0-1: Swinging Strike 0-2: Ball 1-2: Ball 2-2: Ball 3-2: Foul Ball, location: 2F 3-2: Base on Balls
|
Batting: RHB Harrie de Kam
|
0-0: Called Strike 0-1: Swinging Strike 0-2: Ball Wild Pitch! Eric Jordan to second 1-2: Ball Wild Pitch! Eric Jordan to third 2-2: Ball 3-2: Foul Ball, location: 2F 3-2: Base on Balls
|
Batting: LHB Angelo Estrella
|
0-0: Ball 1-0: Called Strike 1-1: Called Strike 1-2: SINGLE (Groundball, 6MD, EV 102.5 MPH) Eric Jordan scores Harrie de Kam to second Runner from 2nd tries for 3rd, SAFE, throw by CF made to third
|
Batting: RHB Erik Coleman
|
0-0: Ball 1-0: Called Strike 1-1: DOUBLE (Groundball, 5L, EV 108.8 MPH) Harrie de Kam scores Angelo Estrella to third Runner from 3rd tries for Home, SAFE, no throw by LF
|
Batting: RHB Andy Kelly
|
0-0: Called Strike 0-1: Called Strike 0-2: Ball 1-2: Ball 2-2: Strikes out swinging
|
Top of the 5th over - 3 runs, 2 hits, 0 errors, 1 left on base; Batavia 4 - Cincinnati (NYP) 0 |
BOTTOM OF THE 5TH |
Cincinnati (NYP) Reds batting - Pitching for Batavia Muckdogs : LHP Aaron Gilmore
|
Batting: RHB Yasusaburo Kuwahara
|
0-0: Foul Ball, location: 2F 0-1: Ball 1-1: Swinging Strike 1-2: Strikes out swinging
|
Batting: RHB Cyd Carver
|
0-0: Ball 1-0: Foul Ball, location: 2F 1-1: Ball 2-1: SINGLE (Groundball, 6M, EV 96.9 MPH)
|
Batting: RHB Jake Savell
|
0-0: Ball Cyd Carver is caught stealing 2nd base 2-4 1-0: Ball 2-0: Ground out 1-3 (Groundball, P, EV 70.6 MPH)
|
Bottom of the 5th over - 0 runs, 1 hit, 0 errors, 0 left on base; Batavia 4 - Cincinnati (NYP) 0 |
TOP OF THE 6TH |
Batavia Muckdogs batting - Pitching for Cincinnati (NYP) Reds : LHP Omar Guardado
|
Batting: RHB Hiromitsu Yamada
|
0-0: Called Strike 0-1: Ball 1-1: Ball 2-1: Ball 3-1: Ground out 6-3 (Groundball, 6, EV 84.4 MPH)
|
Batting: LHB Matt McKeon
|
0-0: Ball 1-0: Ball 2-0: Ball 3-0: Called Strike 3-1: Base on Balls
|
Batting: RHB Larry LeFever
|
0-0: Called Strike Matt McKeon is caught stealing 2nd base 2-4 0-1: Swinging Strike 0-2: Ball 1-2: Ball 2-2: Strikes out swinging
|
Top of the 6th over - 0 runs, 0 hits, 0 errors, 0 left on base; Batavia 4 - Cincinnati (NYP) 0 |
BOTTOM OF THE 6TH |
Cincinnati (NYP) Reds batting - Pitching for Batavia Muckdogs : LHP Aaron Gilmore
|
Batting: LHB Matt Kennedy
|
0-0: Ball 1-0: Foul Ball, location: 2F 1-1: Ball 2-1: Ball 3-1: Foul Ball, location: 2F 3-2: Ground out 4-3 (Groundball, 4, EV 81.9 MPH)
|
Batting: LHB Leo Gomez
|
0-0: Ball 1-0: Foul Ball, location: 2F 1-1: Called Strike 1-2: Strikes out swinging
|
Batting: RHB Pat McCoy
|
0-0: Ball 1-0: Called Strike 1-1: SINGLE (Line Drive, 7S, EV 112.5 MPH)
|
Batting: RHB Ben Hinman
|
0-0: Ball 1-0: Called Strike 1-1: Called Strike 1-2: Ball 2-2: Foul Ball, location: 2F 2-2: Foul Ball, location: 2F 2-2: Foul Ball, location: 2F 2-2: Fly out, F9 (Flyball, 89D, EV 100.0 MPH)
|
Bottom of the 6th over - 0 runs, 1 hit, 0 errors, 1 left on base; Batavia 4 - Cincinnati (NYP) 0 |
TOP OF THE 7TH |
Batavia Muckdogs batting - Pitching for Cincinnati (NYP) Reds : LHP Omar Guardado
|
Pitching: LHP Davy Thorne
|
|
Batting: RHB J.D. Vander Klok
|
0-0: Ball 1-0: Swinging Strike 1-1: Ball 2-1: Ball 3-1: Base on Balls
|
Batting: RHB Eric Jordan
|
0-0: Swinging Strike 0-1: Ball 1-1: Ball 2-1: Swinging Strike 2-2: Foul Ball, location: 2F 2-2: Strikes out swinging
|
Batting: RHB Harrie de Kam
|
0-0: Called Strike 0-1: Ball 1-1: Swinging Strike 1-2: Strikes out looking
|
Batting: LHB Angelo Estrella
|
0-0: Foul Ball, location: 2F 0-1: Swinging Strike 0-2: Ball 1-2: Ball 2-2: Foul Ball, location: 2F 2-2: Strikes out swinging
|
Top of the 7th over - 0 runs, 0 hits, 0 errors, 1 left on base; Batavia 4 - Cincinnati (NYP) 0 |
BOTTOM OF THE 7TH |
Cincinnati (NYP) Reds batting - Pitching for Batavia Muckdogs : LHP Aaron Gilmore
|
Batting: SHB Jaivata Mohanty
|
0-0: Ball 1-0: Ball 2-0: Ball 3-0: Called Strike 3-1: Foul Ball, location: 2F 3-2: Base on Balls
|
Pitching: RHP Tim Sherrill
|
|
Batting: RHB Pat Grover
|
0-0: Ball 1-0: Called Strike 1-1: Ball 2-1: Bunted foul 2-2: DOUBLE (Groundball, 5L, EV 108.1 MPH) Jaivata Mohanty to third
|
Batting: RHB Yasusaburo Kuwahara
|
0-0: Ground out 6-3 (Groundball, 6, EV 86.9 MPH) Jaivata Mohanty scores
|
Pinch Hitting: LHB Steven Wamble
|
0-0: Ball 1-0: Foul Ball, location: 2F 1-1: Foul Ball, location: 2F 1-2: Fly out, F8 (Flyball, 8RM, EV 81.2 MPH)
|
Batting: RHB Jake Savell
|
0-0: Ball 1-0: Called Strike 1-1: Ball 2-1: Ball 3-1: Ground out 6-3 (Groundball, 6, EV 104.4 MPH)
|
Bottom of the 7th over - 1 run, 1 hit, 0 errors, 1 left on base; Batavia 4 - Cincinnati (NYP) 1 |
TOP OF THE 8TH |
Batavia Muckdogs batting - Pitching for Cincinnati (NYP) Reds : LHP Davy Thorne
|
Now at 2B: John Galluzzo
|
|
Batting: RHB Erik Coleman
|
0-0: Ball 1-0: Swinging Strike 1-1: Ball 2-1: Ball 3-1: Called Strike 3-2: Foul Ball, location: 2F 3-2: Foul Ball, location: 2F 3-2: Base on Balls
|
Batting: RHB Andy Kelly
|
0-0: Called Strike Pickoff Throw to First - Out! 1-3 CS 0-1: Called Strike 0-2: Strikes out swinging
|
Batting: RHB Hiromitsu Yamada
|
0-0: Ball 1-0: Called Strike 1-1: Foul Ball, location: 2F 1-2: Ball 2-2: Ball 3-2: Base on Balls
|
Pitching: RHP Dave Baber
|
|
Batting: LHB Matt McKeon
|
0-0: Swinging Strike 0-1: Ball 1-1: Ball 2-1: Ball Hiromitsu Yamada steals 2nd base 3-1: Base on Balls
|
Batting: RHB Larry LeFever
|
0-0: SINGLE (Groundball, 4MS, EV 81.2 MPH) (infield hit) Hiromitsu Yamada to third Matt McKeon to second
|
Batting: RHB J.D. Vander Klok
|
0-0: Called Strike 0-1: Swinging Strike 0-2: Ball 1-2: Ball Wild Pitch! Hiromitsu Yamada scores Matt McKeon to third Larry LeFever to second 2-2: Foul Ball, location: 2F 2-2: Ball 3-2: Strikes out swinging
|
Top of the 8th over - 1 run, 1 hit, 0 errors, 2 left on base; Batavia 5 - Cincinnati (NYP) 1 |
BOTTOM OF THE 8TH |
Cincinnati (NYP) Reds batting - Pitching for Batavia Muckdogs : RHP Tim Sherrill
|
Batting: LHB Matt Kennedy
|
0-0: Ball 1-0: Ball 2-0: Foul Ball, location: 2F 2-1: Foul Ball, location: 2F 2-2: Ball 3-2: Base on Balls
|
Batting: LHB Leo Gomez
|
0-0: Called Strike 0-1: 2-RUN HOME RUN (Flyball, 89XD, EV 108.1 MPH), Distance : 436 ft
|
Batting: RHB Pat McCoy
|
0-0: Called Strike 0-1: Called Strike 0-2: Foul Ball, location: 2F 0-2: Ball 1-2: DOUBLE (Line Drive, 7LM, EV 113.1 MPH)
|
Pinch Hitting: LHB Brian Dickeson
|
0-0: Called Strike 0-1: Foul Ball, location: 2F 0-2: Ball 1-2: Strikes out swinging
|
Batting: SHB Jaivata Mohanty
|
0-0: Swinging Strike 0-1: Swinging Strike 0-2: Foul Ball, location: 2F 0-2: Foul Ball, location: 2F 0-2: Strikes out swinging
|
Pitching: RHP Chris Forster
|
|
Batting: RHB Pat Grover
|
0-0: Swinging Strike 0-1: Foul Ball, location: 2F 0-2: Ball 1-2: Strikes out swinging
|
Bottom of the 8th over - 2 runs, 2 hits, 0 errors, 1 left on base; Batavia 5 - Cincinnati (NYP) 3 |
TOP OF THE 9TH |
Batavia Muckdogs batting - Pitching for Cincinnati (NYP) Reds : RHP Dave Baber
|
Now at 1B: Jamie Ingram
|
|
Batting: RHB Eric Jordan
|
0-0: Ball 1-0: Called Strike 1-1: Ball 2-1: Foul Ball, location: 2F 2-2: Strikes out swinging
|
Batting: RHB Harrie de Kam
|
0-0: Called Strike 0-1: Ball 1-1: Ball 2-1: Called Strike 2-2: Ground out 6-3 (Groundball, 6, EV 96.2 MPH)
|
Batting: LHB Angelo Estrella
|
0-0: Foul Ball, location: 2F 0-1: Called Strike 0-2: Strikes out swinging
|
Top of the 9th over - 0 runs, 0 hits, 0 errors, 0 left on base; Batavia 5 - Cincinnati (NYP) 3 |
BOTTOM OF THE 9TH |
Cincinnati (NYP) Reds batting - Pitching for Batavia Muckdogs : RHP Chris Forster
|
Batting: RHB Yasusaburo Kuwahara
|
0-0: Called Strike 0-1: Foul Ball, location: 2F 0-2: Ball 1-2: Ground out U3 (Groundball, 13, EV 91.2 MPH)
|
Batting: RHB John Galluzzo
|
0-0: Foul Ball, location: 2F 0-1: Ball 1-1: Called Strike 1-2: Ball 2-2: Strikes out looking
|
Batting: RHB Jake Savell
|
0-0: Called Strike 0-1: Called Strike 0-2: Strikes out swinging
|
Bottom of the 9th over - 0 runs, 0 hits, 0 errors, 0 left on base; Batavia 5 - Cincinnati (NYP) 3 |
|